[ AOE2 MATCH · #495518353 ]
UnrankedGeorgians vs Magyars
Player's team · LOSS
Rival team · WIN
[ REPLAY ANALYSIS · EXTRACTED FROM THE RECORDED GAME ]
Feudal
8:04
Castle
24:41
Imperial
—
| APM avg | 45.8 |
| APM peak | 69 |
| eAPM avg | 19.2 |
| Villagers / military | 46 / 22 |
Focus
⚔️ 41.6% · 🌾 58.4%
Spearman ×14 · Skirmisher ×8
Feudal
8:51
Castle
22:58
Imperial
—
| APM avg | 86.6 |
| APM peak | 156 |
| eAPM avg | 35.9 |
| Villagers / military | 64 / 8 |
Focus
⚔️ 42.4% · 🌾 57.6%
Scout Cavalry ×6 · Monk ×2
Match map
Initial resources + every placement click. Lines = walls · curves = elevation contours. ◆ gold · ⬟ stone · ● berries · ✦ relic · ◌ wall gap
Your base· Open — 9t gap
Zionic's base· Open — unwalled flank
Smoothed initial terrain · ◌ = detected wall gap · hover for details
Inputs per minute
— Y - - Zionic
Build order — Y
132 actions detected in the replay
| 0:00 | Queue | Villager (Male) |
| 0:00 | Queue | Villager (Male) |
| 0:01 | Queue | Villager (Male) |
| 0:03 | Build | House |
| 0:08 | Queue | Villager (Male) |
| 1:26 | Queue | Villager (Male) |
| 1:44 | Build | House |
| 1:58 | Queue | Villager (Male) |
| 2:16 | Queue | Villager (Male) |
| 2:44 | Queue | Villager (Male) |
| 2:59 | Queue | Villager (Male) |
| 3:23 | Build | House |
| 3:32 | Queue | Villager (Male) |
| 3:35 | Build | Mill |
| 3:48 | Queue | Villager (Male) |
| 4:16 | Queue | Villager (Male) |
| 4:21 | Queue | Villager (Male) |
| 4:48 | Queue | Villager (Male) |
| 5:54 | Research | Feudal Age |
| 6:21 | Research | Loom |
| 6:27 | Queue | Villager (Male) |
| 7:19 | Build | Barracks |
| 7:46 | Build | House |
| 8:04 | Age | Feudal Age |
| 8:29 | Build | Archery Range |
| 8:35 | Queue | Villager (Male) |
| 8:53 | Queue | Spearman |
| 8:58 | Research | Double-Bit Axe |
| 9:16 | Queue | Villager (Male) |
| 9:31 | Build | Watch Tower |
| 9:32 | Queue | Skirmisher |
| 9:43 | Queue | Villager (Male) |
| 9:52 | Queue | Spearman |
| 9:53 | Queue | Skirmisher |
| 9:56 | Queue | Villager (Male) |
| 10:02 | Build | House |
| 10:06 | Research | Town Watch |
| 10:44 | Queue | Villager (Male) |
| 10:54 | Build | Mule Cart |
| 11:01 | Build | Farm |
| 11:05 | Queue | Villager (Male) |
| 11:14 | Queue | Spearman |
| 11:24 | Build | Farm |
| 11:41 | Queue | Villager (Male) |
| 11:43 | Build | Farm |
| 12:02 | Queue | Villager (Male) |
| 12:04 | Build | Farm |
| 12:14 | Build | House |
| 12:25 | Build | Watch Tower |
| 12:28 | Queue | Skirmisher |
| 12:29 | Queue | Spearman |
| 12:35 | Queue | Villager (Male) |
| 12:46 | Queue | Spearman |
| 12:54 | Build | Farm |
| 13:10 | Queue | Villager (Male) |
| 13:29 | Queue | Villager (Male) |
| 13:34 | Queue | Spearman |
| 13:49 | Queue | Villager (Male) |
| 13:50 | Build | Farm |
| 14:18 | Queue | Villager (Male) |
| 14:41 | Queue | Spearman |
| 14:45 | Build | House |
| 14:49 | Queue | Spearman |
| 14:50 | Build | House |
| 14:53 | Build | Palisade Wall |
| 14:56 | Build | Palisade Wall |
| 15:12 | Queue | Spearman |
| 15:12 | Queue | Villager (Male) |
| 15:20 | Queue | Skirmisher |
| 15:21 | Queue | Spearman |
| 15:30 | Queue | Villager (Male) |
| 15:45 | Queue | Villager (Male) |
| 15:48 | Build | Farm |
| 15:50 | Build | Farm |
| 15:52 | Build | Farm |
| 15:53 | Build | Farm |
| 15:56 | Build | Farm |
| 16:13 | Queue | Villager (Male) |
| 16:26 | Queue | Villager (Male) |
| 16:29 | Build | Mule Cart |
| 16:38 | Build | House |
| 16:44 | Queue | Skirmisher |
| 16:45 | Queue | Spearman |
| 16:47 | Queue | Villager (Male) |
| 16:48 | Build | House |
| 17:16 | Build | House |
| 17:21 | Queue | Villager (Male) |
| 17:33 | Build | Palisade Wall |
| 17:40 | Queue | Villager (Male) |
| 17:52 | Queue | Skirmisher |
| 17:56 | Build | Blacksmith |
| 18:17 | Build | Mule Cart |
| 18:31 | Queue | Villager (Male) |
| 18:41 | Build | Market |
| 18:45 | Research | Fletching |
| 18:59 | Queue | Villager (Male) |
| 19:25 | Queue | Villager (Male) |
| 19:39 | Build | Watch Tower |
| 19:43 | Queue | Villager (Male) |
| 19:52 | Build | Farm |
| 20:07 | Queue | Villager (Male) |
| 20:36 | Queue | Villager (Male) |
| 20:38 | Queue | Spearman |
| 20:39 | Queue | Skirmisher |
| 20:52 | Queue | Skirmisher |
| 20:55 | Queue | Spearman |
| 21:04 | Build | Farm |
| 21:05 | Build | Farm |
| 21:07 | Build | Farm |
| 21:15 | Build | Farm |
| 21:20 | Queue | Villager (Male) |
| 21:33 | Build | Watch Tower |
| 22:01 | Research | Castle Age |
| 22:01 | Research | Castle Age |
| 22:23 | Build | House |
| 22:24 | Build | House |
| 22:31 | Research | Horse Collar |
| 22:40 | Build | Palisade Wall |
| 23:06 | Research | Gold Mining |
| 23:08 | Queue | Spearman |
| 23:17 | Research | Padded Archer Armor |
| 23:23 | Queue | Villager (Male) |
| 23:47 | Build | Farm |
| 24:12 | Build | Stable |
| 24:14 | Build | Stable |
| 24:41 | Age | Castle Age |
| 24:47 | Research | Bow Saw |
| 24:52 | Research | Scale Barding Armor |
| 24:59 | Research | Bloodlines |
| 25:06 | Research | Husbandry |
| 25:13 | Queue | Villager (Male) |
| 25:39 | Queue | Villager (Male) |
Build order — Zionic
First 150 of 156 actions detected
| 0:01 | Queue | Villager (Male) |
| 0:03 | Build | House |
| 0:04 | Build | House |
| 0:15 | Queue | Villager (Male) |
| 0:17 | Queue | Villager (Male) |
| 0:27 | Queue | Villager (Male) |
| 0:27 | Queue | Villager (Male) |
| 0:27 | Queue | Villager (Male) |
| 1:27 | Queue | Villager (Male) |
| 1:28 | Queue | Villager (Male) |
| 1:54 | Queue | Villager (Male) |
| 1:54 | Queue | Villager (Male) |
| 1:54 | Queue | Villager (Male) |
| 2:26 | Queue | Villager (Male) |
| 2:26 | Queue | Villager (Male) |
| 2:30 | Build | Lumber Camp |
| 2:37 | Build | House |
| 2:51 | Queue | Villager (Male) |
| 2:51 | Queue | Villager (Male) |
| 2:52 | Queue | Villager (Male) |
| 3:16 | Queue | Villager (Male) |
| 3:16 | Queue | Villager (Male) |
| 3:41 | Queue | Villager (Male) |
| 3:41 | Queue | Villager (Male) |
| 3:42 | Queue | Villager (Male) |
| 3:50 | Queue | Villager (Male) |
| 3:50 | Queue | Villager (Male) |
| 3:50 | Queue | Villager (Male) |
| 4:25 | Queue | Villager (Male) |
| 4:56 | Queue | Villager (Male) |
| 4:57 | Queue | Villager (Male) |
| 4:57 | Queue | Villager (Male) |
| 5:18 | Build | Mill |
| 6:09 | Research | Loom |
| 6:41 | Research | Feudal Age |
| 6:41 | Research | Feudal Age |
| 6:55 | Build | Lumber Camp |
| 7:46 | Build | Barracks |
| 7:53 | Build | House |
| 7:55 | Build | Barracks |
| 8:35 | Queue | Villager (Male) |
| 8:51 | Age | Feudal Age |
| 8:53 | Build | Stable |
| 8:56 | Research | Double-Bit Axe |
| 8:59 | Build | Palisade Wall |
| 9:00 | Build | Palisade Wall |
| 9:04 | Build | Palisade Wall |
| 9:07 | Queue | Villager (Male) |
| 9:09 | Build | Palisade Wall |
| 9:23 | Build | House |
| 9:24 | Build | Palisade Wall |
| 9:29 | Build | House |
| 9:31 | Build | Palisade Wall |
| 9:34 | Build | Palisade Wall |
| 9:44 | Queue | Villager (Male) |
| 9:47 | Queue | Scout Cavalry |
| 10:08 | Build | Palisade Wall |
| 10:14 | Queue | Villager (Male) |
| 10:44 | Queue | Villager (Male) |
| 11:11 | Queue | Villager (Male) |
| 11:13 | Build | House |
| 11:15 | Build | Palisade Wall |
| 11:31 | Build | House |
| 11:48 | Queue | Villager (Male) |
| 11:49 | Queue | Scout Cavalry |
| 11:57 | Build | Farm |
| 11:57 | Build | Farm |
| 12:15 | Queue | Villager (Male) |
| 12:16 | Queue | Scout Cavalry |
| 12:22 | Build | Farm |
| 12:37 | Build | Farm |
| 12:46 | Build | Watch Tower |
| 12:49 | Build | Farm |
| 12:51 | Queue | Villager (Male) |
| 13:08 | Queue | Villager (Male) |
| 13:18 | Queue | Villager (Male) |
| 13:43 | Build | Mining Camp |
| 13:52 | Build | House |
| 14:04 | Build | Lumber Camp |
| 14:08 | Queue | Villager (Male) |
| 14:14 | Build | Farm |
| 14:28 | Queue | Villager (Male) |
| 14:34 | Build | House |
| 14:47 | Queue | Villager (Male) |
| 14:55 | Build | Farm |
| 15:07 | Queue | Villager (Male) |
| 15:20 | Build | House |
| 15:20 | Build | House |
| 15:33 | Build | Farm |
| 15:50 | Queue | Villager (Male) |
| 15:53 | Build | Farm |
| 15:56 | Build | Farm |
| 16:09 | Build | House |
| 16:10 | Queue | Villager (Male) |
| 16:15 | Build | Mining Camp |
| 16:19 | Build | House |
| 16:26 | Queue | Villager (Male) |
| 16:42 | Queue | Villager (Male) |
| 17:06 | Queue | Villager (Male) |
| 17:09 | Build | Market |
| 17:12 | Build | Farm |
| 17:16 | Build | Farm |
| 17:25 | Queue | Villager (Male) |
| 17:35 | Build | Farm |
| 17:45 | Build | Farm |
| 17:58 | Build | Farm |
| 18:16 | Queue | Villager (Male) |
| 18:18 | Build | Farm |
| 18:25 | Build | Farm |
| 18:29 | Build | Farm |
| 18:39 | Build | House |
| 18:47 | Queue | Villager (Male) |
| 19:10 | Build | House |
| 19:17 | Queue | Villager (Male) |
| 19:40 | Queue | Villager (Male) |
| 19:51 | Build | Watch Tower |
| 20:18 | Research | Castle Age |
| 20:18 | Research | Castle Age |
| 21:01 | Build | Blacksmith |
| 21:13 | Build | Blacksmith |
| 22:05 | Research | Fletching |
| 22:05 | Research | Fletching |
| 22:11 | Research | Horse Collar |
| 22:12 | Research | Gold Mining |
| 22:18 | Build | Mill |
| 22:18 | Build | Farm |
| 22:18 | Build | Farm |
| 22:18 | Build | Farm |
| 22:18 | Build | Farm |
| 22:19 | Build | Farm |
| 22:29 | Build | Farm |
| 22:53 | Queue | Villager (Male) |
| 22:58 | Age | Castle Age |
| 23:04 | Queue | Villager (Male) |
| 23:19 | Build | Town Center |
| 23:24 | Queue | Scout Cavalry |
| 23:52 | Queue | Scout Cavalry |
| 23:58 | Queue | Villager (Male) |
| 23:58 | Queue | Scout Cavalry |
| 24:04 | Build | Monastery |
| 24:11 | Research | Bloodlines |
| 24:14 | Queue | Villager (Male) |
| 24:24 | Queue | Villager (Male) |
| 24:44 | Queue | Villager (Male) |
| 24:50 | Queue | Monk |
| 24:50 | Queue | Monk |
| 24:59 | Queue | Villager (Male) |
| 25:01 | Research | Light Cavalry (upgrade) |
| 25:01 | Research | Light Cavalry (upgrade) |
| 25:13 | Build | Town Center |
Match timeline
| 7:19 | Y · first_building Barracks |
| 7:46 | Zionic · first_building Barracks |
| 8:04 | Y · age_up feudal |
| 8:29 | Y · first_building Archery Range |
| 8:51 | Zionic · age_up feudal |
| 8:53 | Zionic · first_building Stable |
| 8:59 | Zionic · wall_segment Palisade Wall x2 |
| 9:00 | Zionic · wall_segment Palisade Wall x1 |
| 9:04 | Zionic · wall_segment Palisade Wall x2 |
| 9:09 | Zionic · wall_segment Palisade Wall x1 |
| 9:24 | Zionic · wall_segment Palisade Wall x1 |
| 9:31 | Zionic · wall_segment Palisade Wall x1 |
| 9:34 | Zionic · wall_segment Palisade Wall x2 |
| 10:08 | Zionic · wall_segment Palisade Wall x6 |
| 11:15 | Zionic · wall_segment Palisade Wall x9 |
| 14:53 | Y · wall_segment Palisade Wall x6 |
| 14:56 | Y · wall_segment Palisade Wall x2 |
| 17:33 | Y · wall_segment Palisade Wall x1 |
| 18:45 | Zionic · first_market_buy 100 food |
| 19:54 | Y · first_market_sell 100 wood |
| 19:54 | Y · first_market_buy 100 food |
| 20:03 | Zionic · first_market_sell 100 wood |
| 22:40 | Y · wall_segment Palisade Wall x4 |
| 22:58 | Zionic · age_up castle |
| 24:04 | Zionic · first_building Monastery |
| 24:12 | Y · first_building Stable |
| 24:41 | Y · age_up castle |
| 25:51 | Y · resign |
[ AI ANALYSIS · 1 CREDIT ]
What really happened in this match?
Wolo.gg analyzes every decision: build order, eco, micro, common mistakes by bracket. Personalized analysis on WhatsApp or Discord in 30 seconds.
Civ guide
Georgians
Perfil
Jugador #1016523